 Dungeon Crawl Stone Soup version 0.26-a0-812-g31a745ddcd (webtiles) character file.

Game seed: 16490092440499475707

60 Dracia the Gusty (level 3, -3/26 HPs)
             Began as a Draconian Air Elementalist on Dec 9, 2020.
             Killed by divine providence
             ... invoked by an orc priest
              (13 damage)
             ... on level 2 of the Dungeon.
             The game lasted 00:02:29 (1769 turns).

Dracia the Gusty (Draconian Air Elementalist)       Turns: 1769, Time: 00:02:30

Health: -3/26      AC:  5    Str: 10    XL:     3   Next: 82%
Magic:  2/7        EV: 12    Int: 16    God:
Gold:   160        SH:  0    Dex: 17    Spells: 1/7 levels left

rFire    . . .     SeeInvis .   h - +0 dagger
rCold    . . .     Faith    .   (no shield)
rNeg     . . .     Spirit   .   (armour unavailable)
rPois    .         Reflect  .   (helmet restricted)
rElec    .         Harm     .   (no cloak)
rCorr    .         Rampage  .   (no gloves)
MR       .....                  (no boots)
Stlth    ++........             (no amulet)
HPRegen  0.08/turn              D - +6 ring of dexterity
MPRegen  0.10/turn              (no ring)

@: no status effects
A: unfitting armour, cold-blooded, AC +5
a: no special abilities


You were on level 2 of the Dungeon.
You visited 1 branch of the dungeon, and saw 2 of its levels.

You collected 160 gold pieces.


Innate Abilities, Weirdness & Mutations

Your plain brown scales are hard. (AC +5)
You cannot fit into any form of body armour.
You are cold-blooded and may be slowed by cold attacks.


   Skills:
 - Level 1.7 Dodging
 - Level 1.7 Stealth
 + Level 2.7 Spellcasting
 + Level 2.2 Conjurations
 + Level 3.6 Air Magic


You had one spell level left.
You knew the following spells:

 Your Spells              Type           Power        Failure   Level
i - Swiftness             Air            ##......     6%          2
t - Static Discharge      Conj/Air       ##......     17%         3
z - Shock                 Conj/Air       ##..         6%          1

Your spell library contained the following spells:

 Spells                   Type           Power        Failure   Level
 Airstrike                Air            ##........   38%         4
 Lightning Bolt           Conj/Air       ##........   85%         5

Inventory:

Hand Weapons
 h - a +0 dagger (weapon)
Jewellery
 D - a +6 ring of dexterity (left hand)
Scrolls
 a - a scroll of enchant armour {unknown}
 b - 2 scrolls of remove curse {unknown}
 c - a scroll of fear {unknown}
 d - 2 scrolls of random uselessness {unknown}
 g - 3 scrolls of identify {unknown}
 j - a scroll of magic mapping {unknown}
Potions
 e - a potion of brilliance {unknown}
 f - a potion of heal wounds {unknown}
 i - a potion of might {unknown}

Dungeon Overview and Level Annotations

Branches:
Dungeon (2/15)

Altars:

.. # #. .#
#.####.###
#........
##..#.#.###
##?...)....
...#..S...#.#
#.#
......o@....#
#.###.#
.###....#†###
#.#....
#....#.(.#
#.#.#.#
#....###.#
#.#.#.# #....#
#.#####.#.#.#
......#
#...).#.#.#.#
##...###
#####.#.#.#.#
.... #.#.....#
######.#.###.##


You could see an orc priest and an adder.


Message History

Beogh smites you!
* * * LOW HITPOINT WARNING * * *
You are too injured to fight recklessly!
Unknown command.
Casting: Shock (safe; 6% risk of failure)
Confirm with . or Enter, or press ? or * to list all spells.
Okay, then.
Unknown command.
Casting: Shock (safe; 6% risk of failure)
Confirm with . or Enter, or press ? or * to list all spells.
Okay, then.
Casting: Shock (safe; 6% risk of failure)
Confirm with . or Enter, or press ? or * to list all spells.
Aiming: Shock (safe; 6% risk of failure)
Press: ? - help, Shift-Dir - straight line, f/p - orc priest
Aim: an orc priest, wielding a +0 whip and wearing a +0 leather armour (moderately wounded)
The zap hits the orc priest.
The orc priest is heavily wounded.
The orc priest closely misses you.
Your magical contamination has completely faded away.
Casting: Shock (safe; 6% risk of failure)
Confirm with . or Enter, or press ? or * to list all spells.
Aiming: Shock (safe; 6% risk of failure)
Press: ? - help, Shift-Dir - straight line, f/p - orc priest
Aim: an orc priest, wielding a +0 whip and wearing a +0 leather armour (heavily wounded)
The zap misses the orc priest.
The orc priest calls down the wrath of Beogh upon you.
Beogh smites you!
Ouch! That really hurt!
You die...

Skill      XL: |  1  2  3 |
---------------+----------+-----
Conjurations   | 2 |  2.2
Dodging        | |  1.7
Stealth        | |  1.7
Spellcasting   | |  2.7
Air Magic      | |  3.6

Action                   || total
-------------------------++-------
Melee: Unarmed           ||     6
       Tailslap          ||     4
       Dagger            ||    26
 Cast: Shock             ||    70
Armor: Skin              ||    12
Dodge: Dodged            ||    32

Levels and vault maps discovered:
D:1:      mushboom_english_gardens, layout_basic
D:2:      layout_loops_ring, minmay_pentomino_o4, uniq_crazy_yiuf_cottage

Notes
Turn   | Place    | Note
-------+----------+-------------------------------------------
     0 | D:1      | Dracia the Draconian Air Elementalist began the quest for
                  | the Orb.
     0 | D:1      | Reached XP level 1. HP: 14/14 MP: 3/3
   232 | D:1      | Reached XP level 2. HP: 20/20 MP: 0/5
  1182 | D:1      | Reached XP level 3. HP: 26/26 MP: 0/6
  1349 | D:2      | Reached skill level 2 in Conjurations
  1354 | D:2      | Learned a level 2 spell: Swiftness
  1358 | D:2      | Learned a level 3 spell: Static Discharge
  1769 | D:2      | Killed from afar by an orc priest

Vanquished Creatures
  2 adders (D:2)
  2 oozes (D:1)
  A worm (D:2)
  A dart slug (D:1)
  4 bats
  A giant cockroach (D:1)
  6 goblins
  5 hobgoblins
  A frilled lizard (D:2)
  3 kobolds
  3 rats
29 creatures vanquished.

Table legend: (Time is in decaauts)
 A = Elapsed time spent in this place.
 B = Non-inter-level travel time spent in this place.
 C = Inter-level travel time spent in this place.
 D = Time resting spent in this place.
 E = Time spent auto-exploring this place.
 F = Levels seen in this place.
 G = Mean time per level.
                   A        B        C        D        E       F      G
               +--------+--------+--------+--------+--------+-----+--------+
         Total |   1767 |   1689 |     78 |      0 |   1514 |   2 |  883.5 |
       Dungeon |   1767 |   1689 |     78 |      0 |   1514 |   2 |  883.5 |
               +--------+--------+--------+--------+--------+-----+--------+

Top non-repeatable levels by time:
     D:1: 1332 daAuts
     D:2: 435 daAuts

Table legend:
 A = Non-vault XP
 B = Vault XP
 C = Vault XP percentage of total XP
 D = Non-vault monster count
 E = Vault monster count
 F = Vault count percentage of total count
                 A         B        C        D         E       F
            +---------+---------+-------+---------+---------+-------
      Total |      87 |       0 |   0.0 |      29 |       0 |   0.0
            +---------+---------+-------+---------+---------+-------
        D:1 |      41 |       0 |   0.0 |      16 |       0 |   0.0
        D:2 |      46 |       0 |   0.0 |      13 |       0 |   0.0
            +---------+---------+-------+---------+---------+-------
